 Dungeon Crawl Stone Soup version 0.13-a0-3133-gec0fa00 (webtiles) character file.

568 Malachi the Skirmisher (level 6, -2/53 HPs)
             Began as a Lava Orc Berserker on Sept 21, 2013.
             Was a Priest of Trog.
             Slain by an iguana (9 damage)
             ... on Level 4 of the Dungeon.
             The game lasted 00:07:44 (2656 turns).

Malachi the Skirmisher (Lava Orc Berserker)         Turns: 2656, Time: 00:07:44

HP  -2/53        AC  7     Str 22      XL: 6   Next: 43%
MP   5/5         EV 10     Int  7      God: Trog [***...]
Gold 195         SH  0     Dex 10      Spells:  0 memorised,  5 levels left

Res.Fire  : + + +   See Invis. : .   e - +0 halberd
Res.Cold  : x . .   Warding    : .   y - +0 orc ring mail
Life Prot.: . . .   Conserve   : .   (no shield)
Res.Poison: .       Res.Corr.  : .   (no helmet)
Res.Elec. : .       Clarity    : .   i - +0 dwarf cloak
Sust.Abil.: . .     Spirit.Shd : .   (no gloves)
Res.Mut.  : .       Stasis     : .   (no boots)
Res.Rott. : .       Flight     : .   (no amulet)
Saprovore : + . .                    (no ring)
                                     x - ring of teleport control

@: quick, slightly resistant to hostile enchantments, very unstealthy
A: conserve scrolls, saprovore 1
a: Burn Spellbooks, Berserk, Trog's Hand, Renounce Religion, Evoke Teleport
Control


You were on level 4 of the Dungeon.
You worshipped Trog.
Trog was most pleased with you.
You were near starving.

You visited 1 branch of the dungeon, and saw 4 of its levels.

You collected 175 gold pieces.

Inventory:

Hand weapons
 a - a +0,+0 orcish hand axe {=f}
 e - a +0,+0 halberd (weapon)
Armour
 b - a +0 animal skin
 i - a +0 dwarven cloak (worn)
 y - a +0 orcish ring mail (worn)
Magical devices
 w - a wand of flame (13)
 z - a wand of invisibility (6)
Comestibles
 c - a meat ration
 k - a bread ration
 B - 2 rotting chunks of worm flesh
Scrolls
 d - 2 scrolls of enchant armour {unknown}
 g - a scroll of enchant weapon II {unknown}
 j - 2 scrolls of noise {unknown}
 m - a scroll of identify
 s - a scroll of recharging {unknown}
 t - a scroll of teleportation {unknown}
 v - a scroll of fog {unknown}
 C - a scroll of remove curse {unknown}
Jewellery
 f - an uncursed ring of wizardry
 x - a ring of teleport control (left hand)
Potions
 h - 6 potions of curing {unknown}
 l - a potion of magic {unknown}
 n - a potion of restore abilities {unknown}
 o - a potion of might {unknown}
 p - a potion of experience {unknown}
 q - a potion of speed {unknown}
 r - a potion of poison {unknown}
 u - a potion of flight {unknown}
 A - a potion of invisibility {unknown}


   Skills:
 + Level 5.2 Fighting
 - Level 4.3 Axes
 + Level 4.4 Polearms
 + Level 2.5 Armour
 + Level 3.6 Dodging
 + Level 0.8 Stealth


You had 5 spell levels left.
You didn't know any spells.

Dungeon Overview and Level Annotations

Branches:
Dungeon (4/27)
 Temple: D:4-7

Altars:
the Shining One


Innate Abilities, Weirdness & Mutations

You have stony skin.
You cover ground quickly.
Your flesh is almost immune to the effects of heat.
Your fire spells are more powerful.
Your flesh is vulnerable to cold.
Your heat harms attackers.
You bathe your surroundings in blazing heat.
You are too hot to use scrolls.
You are very good at protecting items from fire.
You can tolerate rotten meat.


Message History

The iguana bites you but does no damage.
You barely miss the iguana. The iguana closely misses you.
You puncture the iguana!
The iguana is heavily wounded.
The iguana bites you but does no damage.
The iguana appears unharmed.
You barely miss the iguana.
The iguana is heavily wounded.
The iguana closely misses you. The iguana bites you!
* * * LOW HITPOINT WARNING * * *
The iguana is singed by your heat.
The iguana is severely wounded.
You hit the iguana but do no damage.
The iguana is severely wounded.
You're getting fired up.
The iguana barely misses you.
You closely miss the iguana.
The iguana is severely wounded.
The iguana bites you!
You die...

####.# #.....# #.#
##.###.# #.# #....#.#
#.# #..#.#)### #.#
#..#.#...#
#.####..#.#...#
#.##....#.#...#
####.#...#.#.#..l####./#
................@......#
####.#.....#.#.###.....#
#.#.......#.# .###.#
#.#...#####.# # #.#.....
..# #.###.... ### #.#
##.. #.# . #.#


You could see an iguana.

Vanquished Creatures
  A hound (D:4)
  A giant frog skeleton (D:3)
  2 orc priests (D:3)
  2 orc wizards (D:3)
  Ijyb (D:4)
  Jessica (D:3)
  4 gnolls
  8 adders
  A worm (D:4)
  2 giant geckos
  An ooze (D:1)
  9 orcs
  A giant cockroach (D:3)
  3 goblins
  4 hobgoblins
  2 jackals (D:1)
  10 kobolds
  2 ball pythons (D:1)
  3 bats
  4 giant newts
  A quokka (D:2)
  4 rats
67 creatures vanquished.

Notes
Turn   | Place    | Note
--------------------------------------------------------------
     0 | D:1      | Malachi, the Lava Orc Berserker, began the quest for the Orb.
     0 | D:1      | Reached XP level 1. HP: 19/19 MP: 0/0
   135 | D:1      | Reached skill level 4 in Fighting
   135 | D:1      | Reached XP level 2. HP: 8/27 MP: 1/1
   523 | D:1      | Found a glowing golden altar of the Shining One.
   629 | D:1      | Reached XP level 3. HP: 33/33 MP: 2/2
   865 | D:2      | Reached skill level 1 in Polearms
  1206 | D:2      | Reached XP level 4. HP: 40/40 MP: 3/3
  1503 | D:3      | Acquired Trog's second power
  1506 | D:3      | Reached XP level 5. HP: 23/47 MP: 4/4
  1694 | D:3      | Noticed Jessica
  1697 | D:3      | Killed Jessica
  1697 | D:3      | Reached skill level 5 in Fighting
  1976 | D:3      | Reached XP level 6. HP: 53/53 MP: 5/5
  2526 | D:4      | Noticed Ijyb
  2550 | D:4      | Killed Ijyb
  2656 | D:4      | Slain by an iguana

Action                   |  1- 3 |  4- 6 || total
-------------------------+-------+-------++-------
Melee: Hand axe          |     6 |       ||     6
       Halberd           |    86 |   150 ||   236
Invok: Berserk           |     1 |     3 ||     4
  Use: Scroll            |       |     2 ||     2
 Stab: Sleeping          |       |     1 ||     1
